 Dungeon Crawl Stone Soup version 0.19-a0-1203-g7dfd8ee (webtiles) character file.

379418 smeego the Grim Reaper (level 21, -7/149 HPs)
             Began as a Demonspawn Monk on Aug 21, 2016.
             Was the Champion of Yredelemnul.
             Killed by divine providence
             ... invoked by an orc priest
             ... summoned by a worldbinder
              (14 damage)
             ... on level 3 of the Abyss.
             The game lasted 02:27:38 (55348 turns).

smeego the Grim Reaper (Demonspawn Monk)           Turns: 55348, Time: 02:27:40

Health: -7/149     AC: 40    Str: 11      XL:     21   Next: 86%
Magic:  26/26      EV: 10    Int: 12 (15) God:    Yredelemnul [******]
Gold:   3372       SH:  0    Dex: 19      Spells: 0 memorised, 20 levels left

rFire  + . .     SeeInvis +     t - +2 battleaxe (chop)
rCold  . . .     Gourm    +     v - +15 Maxwell's patent armour {-Cast -Tele rElec MR+ rCorr}
rNeg   + . .     Faith    .     (shield currently unavailable)
rPois  .         Spirit   .     F - +2 helmet of Peuwedeh {Int+2}
rElec  +         Dismiss  .     j - +2 cloak
rCorr  +         Reflect  .     q - +2 pair of gloves
MR     ++...     Harm     .     (boots unavailable)
Stlth  .......... Rnd*Rage +    B - amulet of the gourmand NoTele +
                                o - ring of positive energy NoCast +
                                R - ring "Torghips" {Int-5 Dex+3 Slay+5 SInv Stlth+}

@: non-regenerating, diseased, repel missiles
A: talons 3, repulsion field 3, berserk 2, blurry vision 2, clever 1, clumsy 1,
deformed body, demonic guardian 3, deterioration 1, dopey 2, fire resistance 1,
ignite blood, low mp 3, slow regeneration 2, augmentation 1, flame cloud
immunity, subdued magic 3
a: Recall Undead Slaves, Injury Mirror, Animate Dead, Drain Life, Enslave Soul,
Renounce Religion
}: 2/15 runes: decaying, serpentine


You were on level 3 of the Abyss.
You worshipped Yredelemnul.
Yredelemnul was exalted by your worship.
You were very full.

You visited 7 branches of the dungeon, and saw 39 of its levels.
You visited the Abyss 1 time.
You visited 1 bazaar.
You also visited: Ossuary.

You collected 4619 gold pieces.
You spent 1247 gold pieces at shops.

Inventory:

Hand Weapons
 r - a +2 battleaxe of flaming
 t - a +2 battleaxe of chopping (weapon)
 u - the +8 trident of Indignation {pierce, Stlth+}
   (You took it off a yaktaur captain on level 5 of the Vaults)

   It inflicts extra damage upon your enemies.
   It makes you more stealthy.
 L - a +0 arbalest of flaming
Missiles
 N - 887 bolts
Armour
 j - a +2 cloak (worn)
 q - a +2 pair of gloves (worn)
 v - the +15 Maxwell's patent armour (worn) {-Cast -Tele rElec MR+ rCorr}
   (You acquired it on level 2 of the Swamp)

   It insulates you from electricity.
   It affects your resistance to hostile enchantments.
   It prevents spellcasting.
   It prevents most forms of teleportation.
   It protects you from acid and corrosion.
 F - the +2 helmet of Peuwedeh (worn) {Int+2}
   (You found it on level 1 of the Snake Pit)

   It affects your intelligence (+2).
 W - a +3 plate armour of cold resistance
Jewellery
 f - an uncursed ring of poison resistance
 o - a ring of positive energy (right hand)
 z - an uncursed amulet of guardian spirit
 B - an amulet of the gourmand (around neck)
 G - an uncursed ring of protection from cold
 P - an uncursed ring of protection from fire {unknown}
 R - the ring "Torghips" (left hand) {Int-5 Dex+3 Slay+5 SInv Stlth+}
   (You bought it in a shop on level 2 of the Orcish Mines)

   [ring of dexterity]

   It affects your intelligence (-5).
   It affects your dexterity (+3).
   It affects your accuracy and damage with ranged weapons and melee attacks
   (+5).
   It lets you see invisible.
   It makes you more stealthy.
 T - an uncursed ring of protection from cold
 Z - a +6 ring of dexterity
Wands
 y - a wand of lightning (13/15)
 I - a wand of disintegration (15/24)
 K - a wand of digging (11/24)
 V - a wand of teleportation (5/9)
Scrolls
 c - a scroll of brand weapon
 d - a scroll of blinking
 e - 10 scrolls of remove curse
 g - 5 scrolls of identify
 i - 5 scrolls of magic mapping
 l - 2 scrolls of fear
 s - 2 scrolls of fog
 x - 3 scrolls of summoning
 A - 8 scrolls of teleportation
 S - 5 scrolls of amnesia
 Y - 9 scrolls of recharging
Potions
 h - 4 potions of cure mutation
 w - a potion of lignification
 D - 4 potions of brilliance
 H - 9 potions of flight
 O - a potion of magic
 X - a potion of agility
Comestibles
 b - 10 bread rations
 k - 10 meat rations
 m - 4 beef jerkies
 p - 8 slices of pizza
 J - 13 fruits


   Skills:
 - Level 8.8 Fighting
 * Level 18.8(19.3) Axes
   Level 8.0(14.6) Maces & Flails
 * Level 19.0 Armour
 - Level 3.1 Dodging
 - Level 2.8 Stealth
   Level 3.6 Shields
 - Level 5.2 Unarmed Combat
 * Level 24.4 Invocations


You had 20 spell levels left.
You didn't know any spells.

Dungeon Overview and Level Annotations

Branches:
Dungeon (15/15)            Temple (0/1) D:7            Lair (6/6) D:10
  Swamp (4/4) Lair:2        Snake (4/4) Lair:4        Slime (0/5) Lair:6
    Orc (2/2) D:10            Elf (3/3) Orc:2        Vaults (5/5) D:14
  Crypt (0/3) Vaults:3
 Depths: D:15

Altars:
Ashenzari
Cheibriados
Dithmenos
Fedhas
Hepliaklqana
Ru
Sif Muna
Xom
Yredelemnul

Shops:
D:5 %   Orc:2 [*(=   Snake:2 :   Snake:3 }=}   Snake:4 :

Annotations:
D:4 BaronOfTheBest's ghost, weakling TrMo
D:14 Saint Roka
Snake:1 exclusion: oklob plant
Snake:4 LostInTranslocation's ghost, adept MiHu
Elf:2 1 runed door, exclusion: Roxanne, Roxanne


Innate Abilities, Weirdness & Mutations

You have claws for feet.
You are surrounded by a strong repulsion field. (EV +4, RMsl)
A powerful demonic guardian rushes to your aid.
Your flesh is heat resistant. (rF+)
Your demonic aura causes spilled blood to erupt in flames.
Your magical and physical power is slightly enhanced at high health.
You are immune to clouds of flame.
Your mind is acute. (Int +2)
[You often lose your temper in combat.]
[Scrolls take you longer to read.]
[You are clumsy. (Dex -2)]
[Armour fits poorly on your strangely shaped body.]
[Your body sometimes deteriorates upon taking damage.]
[You are very dopey. (Int -4)]
[Your magical capacity is extremely low. (-30% MP)]
[You do not regenerate when monsters are visible.]
[Your spells are much easier to cast, but much less powerful.]


Message History

Aim: a thrashing horror (lightly damaged, slow)
You see nothing there you can enslave the soul of!
You barely miss the thrashing horror.
The thrashing horror is lightly damaged.
You feel less exhausted.
The orc warrior disappears in a puff of smoke!
The thrashing horror tramples you but does no damage. x2
You slash the thrashing horror! You claw the thrashing horror.
The thrashing horror is heavily damaged.
The thrashing horror tramples you but does no damage.
The thrashing horror barely misses you.
The orc priest casts a cantrip, but nothing happens.
You hit the thrashing horror.
You claw the thrashing horror, but do no damage.
The thrashing horror is heavily damaged.
The thrashing horror tramples you but does no damage. x2
The orc priest mumbles some strange prayers to Beogh against you.
Beogh smites you!
You die...
Your body rises from the dead as a mindless zombie.

. .[ #≈ ≈..
. .. #
≈≈o≈≈≈.# X
### # X.≈
≈≈o≈.# X ≈
.§≈≈♣ . # X
.≈≈≈....X #
# . . ## 4x
.###. .#X .
. ..
....#X#...#
. . .#@# #.
.## ..
###.. . #
.. .# # #.
# . .


You could see 2 thrashing horrors, a worldbinder, a chaos spawn, an orc warrior
and an orc priest.

Vanquished Creatures
  2 profane servitors (Vaults:5)
  5 tengu reavers
  2 sphinxes
  A sphinx (shapeshifter) (Vaults:5)
  The ghost of MrDNA the Warrior, an adept HOFi of Beogh (Swamp:4)
  Kirke (Elf:1)
  2 shadow dragons (Vaults:5)
  A thorn hunter (Swamp:1)
  2 storm dragons
  3 greater nagas (Snake:4)
  A fire giant (Vaults:5)
  2 frost giants (Vaults:5)
  The ghost of buddhastalin the Severer, a journeyman DrBe of Trog (Swamp:3)
  4 deep elf sorcerers
  The ghost of Warped the Marksdemonspawn, an adept DsGl of Nemelex Xobeh (Elf:1)
  10 vault wardens
  A very ugly thing (Vaults:5)
  11 ironheart preservers
  2 war gargoyles (Vaults:5)
  2 vampire knights
  12 stone giants
  2 deep elf annihilators
  3 deep elf demonologists
  Snorg (D:13)
  4 deep elf death magi
  7 ettins
  The ghost of blooo the Brawler, a journeyman TrAM of Ru (D:11)
  A fire dragon (Vaults:3)
  7 ogre magi
  2 ice dragons
  4 yaktaur captains
  6 hydras
  A rakshasa (Vaults:2)
  19 vault guards
  A catoblepas (Lair:6)
  6 anacondas
  Erica (D:8)
  A spectral human (Snake:2)
  2 death knights
  5 naga warriors
  5 centaur warriors
  14 dancing weapons
  A deep troll shaman (Lair:6)
  A deep troll earth mage (Vaults:3)
  4 shock serpents
  4 alligators (Swamp:1)
  A shock serpent (shapeshifter) (Vaults:2)
  6 death yaks (Lair:6)
  A thrashing horror (Abyss:3)
  14 deep elf knights
  9 naga sharpshooters
  4 orc high priests
  A skeletal warrior (Vaults:5)
  2 wretched stars (Abyss:3)
  A shadow wraith (Vaults:3)
  2 wizards
  2 spriggan druids
  5 deep trolls (Vaults:3)
  3 flayed ghosts
  2 anaconda zombies
  5 naga ritualists
  A sea snake (shapeshifter) (Vaults:3)
  3 swamp dragons
  5 phantasmal warriors
  10 deep elf archers
  A necromancer (Vaults:1)
  A harpy (shapeshifter) (Elf:1)
  2 shambling mangroves (Swamp:1)
  43 deep elf magi
  4 hill giants
  3 wolf spiders
  3 griffons
  4 harpies (Vaults:3)
  8 ironbrand convokers
  9 mana vipers
  5 ugly thing zombies
  27 ugly things
  6 human zombies
  5 orc sorcerers
  4 orc knights
  3 manticores
  3 cyclopes
  A hornet (Vaults:2)
  3 guardian serpents
  32 black mambas
  A salamander (Snake:2)
  A shock serpent zombie (Snake:3)
  20 naga magi
  11 vault sentinels
  4 elephants
  A water nymph (shapeshifter) (Vaults:1)
  A gargoyle (D:12)
  7 spiny frogs
  An apocalypse crab (Abyss:3)
  A rime drake (shapeshifter) (Vaults:2)
  6 komodo dragons
  A komodo dragon (shapeshifter) (D:14)
  2 freezing wraiths
  4 rime drakes
  34 yaktaurs
  A death yak zombie (Lair:6)
  2 ancient zymes (Abyss:3)
  A hydra zombie (Swamp:4)
  A small abomination (Vaults:4)
  A polar bear (Lair:6)
  9 trolls
  2 meliai (shapeshifter)
  3 giant leeches
  19 slime creatures
  2 boulder beetles
  2 bog bodies
  A guardian serpent zombie (Snake:2)
  11 blink frogs
  11 two-headed ogres
  An ettin zombie (Vaults:4)
  5 flying skulls (D:15)
  7 black mamba zombies
  2 air elementals
  5 spriggans
  Sigmund (D:2)
  2 large abominations (Abyss:3)
  3 shadows
  A spriggan (shapeshifter) (Elf:2)
  2 water elementals
  2 wyverns
  A spriggan zombie (Swamp:2)
  8 vampires
  A hog (D:9)
  5 wraiths
  A giant leech zombie (Swamp:4)
  14 elf zombies
  8 fire elementals
  4 humans
  33 yaks
  7 hippogriffs
  7 vampire mosquitoes
  2 mottled dragons
  A neqoxec (Abyss:3)
  7 wargs
  13 swamp worms
  5 insubstantial wisps
  38 nagas
  A deep troll zombie (Vaults:3)
  5 spiny frog zombies
  19 water moccasins
  5 porcupines
  38 orc warriors
  2 phantoms
  3 hell hounds (D:14)
  10 swamp drakes
  26 ogres
  2 black bears
  5 ice beasts
  10 naga zombies
  10 wasps
  4 blink frog zombies
  5 sky beasts
  15 wolves
  4 boggarts
  2 eyes of draining
  A necrophage (D:11)
  A boggart (shapeshifter) (Vaults:5)
  27 centaurs
  15 crocodiles
  2 vampire mosquito zombies
  2 big kobolds
  4 yaktaur zombies
  2 komodo dragon zombies (Lair:4)
  2 salamander zombies (Snake:3)
  8 giant frogs
  A gnoll sergeant (D:12)
  2 elf skeletons
  A cyclops zombie (D:12)
  An earth elemental (Elf:2)
  5 water moccasin zombies
  5 yak zombies
  6 scorpions
  A hippogriff zombie (Lair:4)
  2 troll zombies
  A polar bear zombie (Lair:6)
  A killer bee (D:7)
  2 howler monkeys
  6 wights
  A wolf zombie (Lair:2)
  A crimson imp (D:8)
  A giant frog zombie (Lair:4)
  5 starcursed masses (Abyss:3)
  A quasit (D:10)
  10 centaur zombies
  7 hounds
  3 jellies
  21 orc priests
  31 orc wizards
  2 two-headed ogre zombies (Vaults:5)
  2 giant frog skeletons
  A human skeleton (Lair:6)
  2 centaur skeletons
  8 iguanas
  6 worker ants
  13 sheep
  3 ogre zombies
  A crocodile zombie (Lair:4)
  2 dwarf skeletons (Lair:6)
  A crocodile skeleton (D:14)
  2 hound skeletons
  7 mummies (Ossuary)
  A worker ant zombie (D:11)
  3 swamp drake zombies
  12 gnolls
  16 adders
  19 river rats
  A scorpion zombie (D:8)
  2 orc skeletons
  2 shadow imps
  An ooze (D:7)
  A sheep zombie (Lair:4)
  A worm (D:2)
  A dart slug (D:1)
  7 giant geckos
  87 orcs
  3 ball pythons
  4 giant cockroaches
  7 goblins
  3 hobgoblins
  12 jackals
  9 quokkas
  9 river rat zombies
  16 bats
  6 giant newts
  2 hobgoblin zombies (Ossuary)
  A jackal zombie (D:2)
  18 kobolds
  2 kobold zombies
  28 orc zombies
  A quokka skeleton (D:4)
  12 rats
  7 briar patches
  A crawling corpse (Vaults:4)
  10 fungi
  11 plants
1472 creatures vanquished.

Vanquished Creatures (collateral kills)
  Mara (Swamp:4)
  A tentacled monstrosity (Vaults:2)
  An acid blob (Lair:6)
  A sphinx (Vaults:3)
  The ghost of blooo the Brawler, an adept TrAM of Ru (Swamp:4)
  3 thorn hunters
  A shadow dragon (Vaults:5)
  7 greater nagas
  3 vault wardens
  2 tengu reavers
  A fire giant (Vaults:4)
  An iron dragon (Vaults:5)
  A frost giant (Vaults:5)
  Louise (Swamp:4)
  5 ironheart preservers
  A very ugly thing (Vaults:5)
  A stone giant (Vaults:3)
  Azrael (D:14)
  A fire dragon (Vaults:4)
  5 yaktaur captains
  A rakshasa (Vaults:2)
  3 deep elf death magi
  A deep elf high priest (Vaults:5)
  An ice dragon (Vaults:3)
  9 vault guards
  A ghost crab (Swamp:3)
  A ghost crab (shapeshifter) (Vaults:5)
  4 naga warriors
  12 hydras
  2 death knights (Vaults:3)
  7 alligators
  13 dancing weapons
  5 anacondas
  A centaur warrior (Vaults:4)
  2 ogre magi
  6 naga sharpshooters
  A spriggan berserker (Swamp:4)
  A shock serpent (Snake:1)
  An orc high priest (Orc:2)
  6 deep elf knights
  2 salamander mystics
  A shadow wraith (Vaults:3)
  2 unseen horrors (D:14)
  A skeletal warrior (Vaults:3)
  A flayed ghost (Vaults:4)
  3 deep trolls
  A wizard (Vaults:3)
  A spriggan druid (Swamp:2)
  3 ironbrand convokers
  3 shambling mangroves
  8 swamp dragons (Swamp:4)
  2 necromancers
  4 deep elf archers
  3 naga ritualists
  2 hill giants
  2 phantasmal warriors (Vaults:3)
  4 mana vipers
  2 hornets
  4 orc knights
  18 deep elf magi
  A cyclops (Vaults:3)
  An oklob plant (Snake:1)
  A griffon (Vaults:2)
  4 salamanders
  2 vault sentinels
  An elephant (Lair:6)
  9 ugly things
  A guardian serpent (Snake:2)
  6 naga magi
  A smoke demon (Abyss:3)
  2 centaur zombies (D:10)
  9 black mambas
  7 spiny frogs
  4 freezing wraiths
  A komodo dragon (Lair:6)
  18 yaktaurs
  A two-headed ogre (Vaults:5)
  9 bog bodies
  5 giant leeches
  A boulder beetle (Vaults:3)
  7 blink frogs
  17 slime creatures
  A spriggan (shapeshifter) (Vaults:2)
  9 spriggans
  2 shadows
  2 wyverns (D:14)
  2 water elementals
  2 yaks
  A wraith (D:14)
  A hog (Elf:1)
  6 fire elementals
  A basilisk (Lair:3)
  15 vampire mosquitoes
  A hungry ghost (D:10)
  3 insubstantial wisps
  17 nagas
  13 swamp worms
  3 water moccasins
  A mottled dragon (Vaults:1)
  A porcupine (Lair:2)
  10 swamp drakes
  12 wasps
  8 orc warriors
  2 phantoms
  An ice beast (D:14)
  A necrophage (D:10)
  5 ogres
  2 wolves
  5 centaurs
  A boggart (Vaults:3)
  A crocodile (Lair:1)
  2 giant frogs
  A gnoll sergeant (D:7)
  A water moccasin skeleton (D:7)
  2 scorpions
  2 killer bees (D:7)
  8 wights
  2 howler monkeys
  A crimson imp (D:5)
  2 starcursed masses (Abyss:3)
  2 giant frog zombies
  2 hounds
  2 centaur skeletons
  11 orc wizards
  4 orc priests
  An iguana (D:4)
  A worker ant (D:5)
  2 sheep
  A killer bee zombie (D:10)
  A big kobold zombie (Ossuary)
  A hound zombie (D:10)
  A mummy (Ossuary)
  4 adders
  11 river rats
  2 worms (D:3)
  A dart slug (D:3)
  22 orcs
  4 bats
  A giant cockroach (D:6)
  A hobgoblin (D:3)
  2 quokkas (D:7)
  2 giant newts
  2 orc zombies (Ossuary)
  A quokka skeleton (D:6)
  6 rats
  7 briar patches (Swamp:4)
  11 fungi
  5 plants
553 creatures vanquished.

Vanquished Creatures (others)
  4 bone dragons
  A vault warden (Vaults:3)
  3 ghouls
  3 vampire knights
  A naga warrior (Snake:4)
  3 skeletal warriors
  6 flayed ghosts
  2 shadow dragon zombies (Vaults:5)
  An anaconda zombie (Snake:3)
  2 phantasmal warriors
  3 ugly thing zombies (Vaults:2)
  A stone giant zombie (Vaults:3)
  A salamander (Snake:3)
  2 death yak zombies (Lair:6)
  A centaur skeleton (D:14)
  A komodo dragon (Swamp:3)
  A swamp worm zombie (Swamp:4)
  7 hydra zombies
  A ghoul skeleton (Vaults:5)
  A guardian serpent zombie (Snake:3)
  2 deep troll zombies (Vaults:3)
  An ettin zombie (Vaults:2)
  A hornet zombie (Vaults:2)
  A spriggan zombie (Swamp:4)
  An alligator zombie (Swamp:1)
  An alligator skeleton (Swamp:1)
  A fire elemental (D:14)
  A hill giant zombie (D:10)
  A human (Elf:1)
  2 giant leech zombies (Swamp:1)
  7 vampires
  16 elf zombies
  17 human zombies
  A salamander zombie (Snake:4)
  7 ogre zombies
  A spiny frog zombie (Swamp:2)
  2 elephant zombies (Lair:6)
  A swamp dragon zombie (Swamp:4)
  A centaur (Vaults:4)
  2 vampire mosquito zombies (Swamp:1)
  9 yaktaur zombies
  2 komodo dragon zombies (Lair:6)
  An apocalypse crab zombie (Abyss:3)
  2 cyclops zombies
  A water moccasin zombie (Lair:1)
  A wyvern skeleton (D:14)
  A warg zombie (Vaults:5)
  4 wasp zombies
  3 centaur zombies
  A two-headed ogre zombie (Vaults:5)
  A bog body skeleton (Swamp:4)
  4 human skeletons
  A two-headed ogre skeleton (Vaults:5)
  A big kobold zombie (D:11)
  A crocodile zombie (Lair:1)
  8 naga zombies
  A necrophage skeleton (D:10)
  2 mummies (D:6)
  A dwarf skeleton (Lair:6)
  2 swamp drake zombies
  An adder (D:2)
  A sheep zombie (Lair:4)
  An adder zombie (Lair:4)
  4 orc skeletons
  A dart slug (D:2)
  A bat (D:2)
  A hobgoblin (D:2)
  2 gnoll zombies (D:5)
  3 kobold zombies (D:11)
  An orc zombie (Vaults:1)
  3 briar patches
  16 fungi
  A lurking horror (Abyss:3)
  9 plants
  2 starspawn tentacles (Abyss:3)
206 creatures vanquished.

Grand Total: 2231 creatures vanquished

Notes
Turn   | Place    | Note
-------+----------+-------------------------------------------
     0 | D:1      | smeego the Demonspawn Monk began the quest for the Orb.
     0 | D:1      | Reached XP level 1. HP: 18/18 MP: 1/1
   101 | D:1      | Gained mutation: Your flesh is heat resistant. (rF+) [demonic ancestry]
   101 | D:1      | Reached XP level 2. HP: 18/24 MP: 2/2
   776 | D:2      | Gained mutation: You are surrounded by a mild repulsion field. (EV +2) [demonic ancestry]
   776 | D:2      | Reached XP level 3. HP: 18/30 MP: 3/3
  1101 | D:2      | Noticed a human
  1102 | D:2      | Found a runed door.
  1106 | D:2      | Found a basalt altar of Yredelemnul.
  1230 | D:2      | Killed a human
  1230 | D:2      | Reached skill level 5 in Fighting
  1230 | D:2      | Gained mutation: You have sharp toenails. [demonic ancestry]
  1230 | D:2      | Reached XP level 4. HP: 8/40 MP: 4/4
  1230 | D:2      | Gained mutation: You are surrounded by a moderate repulsion field. (EV +3) [demonic ancestry]
  1230 | D:2      | Reached XP level 5. HP: 9/46 MP: 5/5
  1573 | D:2      | Noticed Sigmund
  1610 | D:2      | Killed Sigmund
  1610 | D:2      | Gained mutation: A weak demonic guardian rushes to your aid. [demonic ancestry]
  1610 | D:2      | Reached XP level 6. HP: 24/55 MP: 6/6
  2028 | D:2      | Became a worshipper of Yredelemnul the Dark
  2028 | D:2      | Reached * piety under Yredelemnul
  2028 | D:2      | Reached ** piety under Yredelemnul
  2325 | D:3      | Reached skill level 1 in Invocations
  2749 | D:3      | Found a shadowy altar of Dithmenos.
  2780 | D:3      | Found a snail-covered altar of Cheibriados.
  2867 | D:3      | Found a shimmering altar of Xom.
  3358 | D:4      | Noticed BaronOfTheBest's ghost (weakling TrMo)
  3868 | D:4      | Reached skill level 2 in Invocations
  3868 | D:4      | Gained mutation: You have razor-sharp toenails. [demonic ancestry]
  3868 | D:4      | Reached XP level 7. HP: 21/60 MP: 8/8
  4221 | D:5      | Entered Level 5 of the Dungeon
  4609 | D:5      | Found a blossoming altar of Fedhas.
  4622 | D:5      | Found a hazy altar of Hepliaklqana.
  4741 | D:5      | Found Qiehis's Food Shoppe.
  4798 | D:5      | Reached skill level 3 in Invocations
  4910 | D:5      | Found a deep blue altar of Sif Muna.
  4923 | D:5      | Reached *** piety under Yredelemnul
  5012 | D:5      | Reached skill level 4 in Invocations
  5235 | D:5      | Reached skill level 5 in Invocations
  5409 | D:5      | Received a gift from Yredelemnul (a mummy)
  5509 | D:4      | Found a sacrificial altar of Ru.
  5522 | D:4      | Reached XP level 8. HP: 66/67 MP: 11/11
  5888 | D:4      | Reached skill level 5 in Unarmed Combat
  6033 | D:4      | Reached skill level 6 in Invocations
  6302 | D:6      | Received a gift from Yredelemnul (a mummy)
  6351 | D:6      | Reached skill level 1 in Maces & Flails
  6516 | D:6      | Reached skill level 7 in Invocations
  7266 | D:6      | Reached skill level 8 in Invocations
  7282 | D:6      | Gained mutation: You are immune to clouds of flame. [demonic ancestry]
  7282 | D:6      | Reached XP level 9. HP: 39/72 MP: 15/15
  7562 | D:6      | Reached skill level 9 in Invocations
  8238 | D:6      | Reached skill level 5 in Maces & Flails
  8246 | D:6      | Reached skill level 10 in Invocations
  8904 | D:7      | Found a sand-covered staircase.
  8911 | D:7      | Found a staircase to the Ecumenical Temple.
  8913 | Ossuary  | Entered an ossuary
  8944 | Ossuary  | Received a gift from Yredelemnul (a wraith)
  9732 | D:7      | Reached skill level 11 in Invocations
  9744 | D:7      | Reached **** piety under Yredelemnul
 10132 | D:7      | Found a shattered altar of Ashenzari.
 10154 | D:7      | Received a gift from Yredelemnul (a wraith)
 10690 | D:8      | Gained mutation: Your demonic aura causes spilled blood to erupt in flames. [demonic ancestry]
 10690 | D:8      | Reached XP level 10. HP: 79/79 MP: 16/18
 11306 | D:4      | Received a gift from Yredelemnul (a vampire)
 11597 | D:8      | Reached skill level 1 in Armour
 11702 | D:8      | Reached skill level 1 in Shields
 11771 | D:8      | Received a gift from Yredelemnul (a wight)
 11953 | D:8      | Noticed Erica
 11962 | D:8      | Killed Erica
 12708 | D:9      | Gained mutation: [Your body sometimes deteriorates upon taking damage.] [mutagenic meat]
 12711 | D:9      | Gained mutation: Your mind is acute. (Int +2) [mutagenic meat]
 12714 | D:9      | Gained mutation: You are robust. (+10% HP) [mutagenic meat]
 12720 | D:9      | Gained mutation: [You tend to lose your temper in combat.] [mutagenic meat]
 12723 | D:9      | Gained mutation: You are agile. (Dex +2) [mutagenic meat]
 12986 | D:9      | Received a gift from Yredelemnul (a vampire)
 13310 | D:10     | Entered Level 10 of the Dungeon
 13329 | D:10     | Reached skill level 1 in Axes
 13356 | D:10     | Received a gift from Yredelemnul (a phantasmal warrior)
 13401 | D:10     | Found a staircase to the Lair.
 13437 | D:10     | Received a gift from Yredelemnul (a wraith)
 13438 | D:10     | Reached XP level 11. HP: 86/92 MP: 19/19
 13445 | D:10     | Found a staircase to the Orcish Mines.
 13480 | D:10     | Reached skill level 5 in Armour
 13794 | D:10     | Noticed a hill giant
 13799 | D:10     | Killed a hill giant
 13866 | Orc:1    | Entered Level 1 of the Orcish Mines
 13866 | Orc:1    | Noticed a stone giant
 13899 | Lair:1   | Entered Level 1 of the Lair of Beasts
 14382 | Lair:1   | Reached ***** piety under Yredelemnul
 14397 | Lair:1   | Received a gift from Yredelemnul (a phantasmal warrior)
 15202 | Lair:2   | Received a gift from Yredelemnul (a flayed ghost)
 15231 | Lair:2   | Found a staircase to the Swamp.
 15289 | Lair:2   | Got a translucent hand axe
 15290 | Lair:2   | Identified the +5 hand axe "Lueseq" {venom, +Rage} (You found it on level 2 of the Lair of Beasts)
 15328 | Lair:2   | Reached skill level 5 in Axes
 15414 | Lair:2   | Killed a flayed ghost
 16808 | Lair:3   | Lost mutation: [You tend to lose your temper in combat.] [potion of cure mutation]
 16808 | Lair:3   | Lost mutation: You are robust. (+10% HP) [potion of cure mutation]
 16808 | Lair:3   | Lost mutation: [Your body sometimes deteriorates upon taking damage.] [potion of cure mutation]
 16808 | Lair:3   | Lost mutation: You are agile. (Dex +2) [potion of cure mutation]
 16840 | Lair:3   | Received a gift from Yredelemnul (a wraith)
 17000 | Lair:3   | Reached XP level 12. HP: 52/91 MP: 17/20
 17603 | Lair:4   | Found a staircase to the Snake Pit.
 17780 | Lair:4   | Received a gift from Yredelemnul (a vampire)
 18288 | Lair:5   | Received a gift from Yredelemnul (a vampire)
 18420 | Lair:5   | Reached skill level 10 in Armour
 18633 | Lair:6   | Entered Level 6 of the Lair of Beasts
 18868 | Lair:6   | Received a gift from Yredelemnul (a ghoul)
 19290 | Lair:6   | Noticed an acid blob
 19293 | Lair:6   | Found a staircase to the Slime Pits.
 19293 | Lair:6   | Killed an acid blob
 19462 | Lair:6   | Reached skill level 12 in Invocations
 19462 | Lair:6   | Reached XP level 13. HP: 87/96 MP: 20/22
 19585 | Lair:6   | Received a gift from Yredelemnul (a wraith)
 19784 | Lair:6   | Reached skill level 10 in Axes
 20597 | Lair:1   | Got a polished falchion
 20598 | Lair:1   | Identified the cursed +2 falchion of Taunlag {flame, Dex+5} (You found it on level 1 of the Lair of Beasts)
 20849 | Orc:1    | Killed a stone giant
 20849 | Orc:1    | Reached skill level 13 in Invocations
 20883 | Orc:1    | Noticed an ettin
 20891 | Orc:1    | Killed an ettin
 20930 | Orc:1    | Reached ****** piety under Yredelemnul
 21326 | Orc:2    | Entered Level 2 of the Orcish Mines
 21727 | Orc:2    | Received a gift from Yredelemnul (a vampire)
 21840 | Orc:2    | Found a staircase to the Elven Halls.
 21977 | Orc:1    | Received a gift from Yredelemnul (a skeletal warrior)
 22193 | D:11     | Noticed blooo's ghost (journeyman TrAM)
 22621 | D:11     | HP: 4/96 [blooo's ghost (25)]
 22626 | D:11     | Killed blooo's ghost
 24047 | D:12     | Received a gift from Yredelemnul (a bone dragon)
 24396 | D:12     | Reached skill level 14 in Invocations
 24471 | D:12     | Received a gift from Yredelemnul (a bone dragon)
 24627 | D:13     | Noticed Snorg
 25234 | D:13     | Killed Snorg
 25234 | D:13     | Reached XP level 14. HP: 103/103 MP: 24/24
 25287 | D:13     | Received a gift from Yredelemnul (a bone dragon)
 25526 | D:13     | Received a gift from Yredelemnul (a vampire)
 26075 | D:14     | Found a gate to the Vaults.
 26095 | D:14     | Received a gift from Yredelemnul (a vampire)
 26371 | D:14     | Found a shadowy altar of Dithmenos.
 26832 | D:14     | Noticed Azrael
 26834 | D:14     | Received a gift from Yredelemnul (a skeletal warrior)
 26840 | D:14     | Reached skill level 15 in Invocations
 26849 | D:14     | Killed Azrael
 26850 | D:14     | Received a gift from Yredelemnul (a flayed ghost)
 27526 | D:15     | Entered Level 15 of the Dungeon
 27849 | Orc:2    | Noticed an orc warlord
 27859 | Orc:2    | Killed an orc warlord
 27859 | Orc:2    | Enslaved an orc warlord
 27885 | Orc:2    | Received a gift from Yredelemnul (a phantasmal warrior)
 27932 | Orc:2    | Received a gift from Yredelemnul (a flayed ghost)
 28012 | Orc:2    | Found Zilus's Antique Armour Shop.
 28013 | Orc:2    | Found Waofibil's Antique Weapon Shop.
 28014 | Orc:2    | Found Gacoe's General Store.
 28014 | Orc:2    | Found Umownali's Jewellery Boutique.
 28019 | Orc:2    | Bought the ring "Torghips" {Int-5 Dex+3 Slay+5 SInv Stlth+} for 643 gold pieces
 28030 | Orc:2    | Bought a blackened scale mail for 252 gold pieces
 28030 | Orc:2    | Identified the cursed +1 scale mail "Rayge" {rN++ rCorr MP+9 Slay-3} (You bought it in a shop on level 2 of the Orcish Mines)
 28546 | Swamp:1  | Entered Level 1 of the Swamp
 28593 | Swamp:1  | Received a gift from Yredelemnul (a vampire)
 28674 | Swamp:1  | Noticed a thorn hunter
 28709 | Swamp:1  | Killed a thorn hunter
 28709 | Swamp:1  | Reached skill level 16 in Invocations
 28944 | Swamp:1  | Gained mutation: A demonic guardian rushes to your aid. [demonic ancestry]
 28944 | Swamp:1  | Reached XP level 15. HP: 79/108 MP: 27/27
 30218 | Snake:1  | Entered Level 1 of the Snake Pit
 31128 | Snake:1  | Found a shadowy altar of Dithmenos.
 31409 | Snake:1  | Noticed a greater naga
 31416 | Snake:1  | Killed a greater naga
 31600 | Snake:1  | Reached skill level 17 in Invocations
 31879 | Snake:1  | Found a deep blue altar of Sif Muna.
 31896 | Snake:1  | Received a gift from Yredelemnul (a phantasmal warrior)
 32014 | Snake:1  | Noticed Frances
 32025 | Snake:1  | Killed Frances
 32025 | Snake:1  | Enslaved Frances
 32039 | Snake:1  | Got a warped helmet
 32040 | Snake:1  | Identified the +2 helmet of Peuwedeh {Int+2} (You found it on level 1 of the Snake Pit)
 32419 | Snake:2  | Your ally Frances died
 32695 | Snake:2  | Found a shadowy altar of Dithmenos.
 33151 | Snake:2  | Found Syatiah's Book Shoppe.
 33799 | Snake:2  | Noticed a greater naga
 33809 | Snake:2  | Killed a greater naga
 33833 | Snake:2  | HP: 5/108 [naga sharpshooter/arrow (18)]
 34170 | Snake:2  | Received a gift from Yredelemnul (a vampire knight)
 34171 | Snake:2  | Noticed a greater naga
 34179 | Snake:2  | Killed a greater naga
 34721 | Snake:3  | Reached XP level 16. HP: 110/115 MP: 14/28
 34986 | Snake:3  | Reached skill level 18 in Invocations
 35998 | Snake:3  | Found Pigutzi's Jewellery Emporium.
 35999 | Snake:3  | Found Cedugy's Gadget Shop.
 35999 | Snake:3  | Found Sosuazuf's Gadget Shop.
 36354 | Snake:4  | Entered Level 4 of the Snake Pit
 36362 | Snake:4  | Received a gift from Yredelemnul (a ghoul)
 36629 | Snake:4  | Found Tubuim's Book Boutique.
 36963 | Snake:4  | Received a gift from Yredelemnul (a vampire)
 36969 | Snake:4  | Noticed LostInTranslocation's ghost (adept MiHu)
 36982 | Snake:4  | Received a gift from Yredelemnul (a vampire)
 37012 | Snake:4  | Got a serpentine rune of Zot
 37013 | Snake:4  | Reached skill level 19 in Invocations
 37106 | Snake:4  | Got a faintly humming buckler
 37477 | Swamp:1  | Received a gift from Yredelemnul (a phantasmal warrior)
 38284 | D:11     | Received a gift from Yredelemnul (a vampire)
 38374 | D:14     | Reached skill level 15 in Armour
 38698 | Vaults:1 | Entered Level 1 of the Vaults
 38721 | Vaults:1 | Found a flickering gateway to a bazaar.
 38730 | Bazaar   | Entered a bazaar
 38730 | Bazaar   | Found Waell's Distillery.
 38730 | Bazaar   | Found Zej Zuh's Distillery.
 38730 | Bazaar   | Found Sesiop's Assorted Antiques.
 38730 | Bazaar   | Found Neykax's Assorted Antiques.
 38746 | Bazaar   | Bought a potion of curing for 21 gold pieces
 38746 | Bazaar   | Bought a potion of heal wounds for 35 gold pieces
 38750 | Bazaar   | Bought a potion of heal wounds for 50 gold pieces
 38750 | Bazaar   | Bought a potion of curing for 30 gold pieces
 38768 | Bazaar   | Bought a spiked scale mail for 216 gold pieces
 38778 | Bazaar   | Identified the +1 scale mail "Nahaots" {rC+++ MR+ rCorr Str-4} (You bought it in a shop in a bazaar)
 39109 | Vaults:1 | Noticed Saint Roka
 39666 | Elf:1    | Entered Level 1 of the Elven Halls
 39670 | Elf:1    | Gained mutation: You are surrounded by a strong repulsion field. (EV +4, RMsl) [demonic ancestry]
 39670 | Elf:1    | Reached XP level 17. HP: 118/120 MP: 30/30
 39678 | Elf:1    | Received a gift from Yredelemnul (a phantasmal warrior)
 39798 | Elf:1    | Reached skill level 15 in Axes
 39892 | Elf:1    | Received a gift from Yredelemnul (a skeletal warrior)
 40286 | Elf:1    | Noticed Kirke
 40289 | Elf:1    | Noticed Warped's ghost (adept DsGl)
 40309 | Elf:1    | Killed Kirke
 40412 | Elf:1    | Killed Warped's ghost
 41140 | Elf:2    | Received a gift from Yredelemnul (a flayed ghost)
 41299 | Elf:2    | Noticed Roxanne
 41345 | Elf:2    | Reached skill level 20 in Invocations
 41349 | Elf:2    | Found a runed door.
 41425 | Elf:2    | Found a runed door.
 42565 | Elf:2    | Received a gift from Yredelemnul (a vampire)
 43511 | Elf:3    | Entered Level 3 of the Elven Halls
 44035 | Swamp:2  | Identified a scroll of acquirement
 44498 | Swamp:2  | Received a gift from Yredelemnul (a flayed ghost)
 44530 | Swamp:3  | Noticed buddhastalin's ghost (journeyman DrBe)
 44654 | Swamp:2  | Gained mutation: You have claws for feet. [demonic ancestry]
 44654 | Swamp:2  | Reached XP level 18. HP: 120/127 MP: 32/32
 44831 | Swamp:3  | Killed buddhastalin's ghost
 44831 | Swamp:3  | Received a gift from Yredelemnul (a ghoul)
 45388 | Swamp:4  | Entered Level 4 of the Swamp
 45435 | Swamp:4  | Received a gift from Yredelemnul (a bone dragon)
 45453 | Swamp:4  | Noticed MrDNA's ghost (adept HOFi)
 45473 | Swamp:4  | Killed MrDNA's ghost
 45691 | Swamp:4  | Reached skill level 21 in Invocations
 45728 | Swamp:4  | Noticed Louise
 45735 | Swamp:4  | Killed Louise
 45739 | Swamp:4  | Received a gift from Yredelemnul (a vampire)
 45939 | Swamp:4  | Received a gift from Yredelemnul (a vampire knight)
 45986 | Swamp:4  | Noticed Mara
 45993 | Swamp:4  | Noticed smeego's illusion
 46013 | Swamp:4  | Killed Mara
 46022 | Swamp:4  | Got a crystal morningstar
 46254 | Swamp:4  | Got a decaying rune of Zot
 46439 | Swamp:4  | Received a gift from Yredelemnul (a vampire knight)
 46443 | Swamp:4  | Noticed blooo's ghost (adept TrAM)
 46458 | Swamp:4  | Killed blooo's ghost
 46858 | Lair:2   | Identified the +5 morningstar "Uruguike" {flame, rPois rC+ Int+6 Dex-3} (You found it on level 4 of the Swamp)
 46880 | Lair:2   | Gained mutation: Your magical and physical power is slightly enhanced at high health. [demonic ancestry]
 46880 | Lair:2   | Reached XP level 19. HP: 136/136 MP: 33/33
 47095 | Vaults:1 | Received a gift from Yredelemnul (a vampire knight)
 47466 | Vaults:1 | Identified the Almanac of Dusty Orientation
 48310 | Vaults:2 | Received a gift from Yredelemnul (a flayed ghost)
 49869 | Vaults:2 | Reached skill level 22 in Invocations
 49886 | Vaults:2 | Reached XP level 20. HP: 128/143 MP: 26/35
 49889 | Vaults:2 | Received a gift from Yredelemnul (a flayed ghost)
 49959 | Vaults:2 | Received a gift from Yredelemnul (a vampire knight)
 50628 | Vaults:3 | Received a gift from Yredelemnul (a flayed ghost)
 50753 | Vaults:3 | Received a gift from Yredelemnul (a vampire)
 51211 | Vaults:3 | Received a gift from Yredelemnul (a flayed ghost)
 51383 | Vaults:3 | Received a gift from Yredelemnul (a profane servitor)
 51546 | Vaults:3 | Received a gift from Yredelemnul (a profane servitor)
 51560 | Vaults:3 | Found a staircase to the Crypt.
 52228 | Vaults:4 | Reached skill level 23 in Invocations
 53001 | Vaults:4 | Gained mutation: A powerful demonic guardian rushes to your aid. [demonic ancestry]
 53001 | Vaults:4 | Reached XP level 21. HP: 134/149 MP: 36/36
 53569 | Vaults:5 | Entered Level 5 of the Vaults
 53575 | Vaults:5 | Received a gift from Yredelemnul (a phantasmal warrior)
 53580 | Vaults:5 | Received a gift from Yredelemnul (a skeletal warrior)
 53866 | Vaults:5 | Reached skill level 24 in Invocations
 54283 | Vaults:5 | Got a translucent trident {pierce}
 54796 | Vaults:5 | Received a gift from Yredelemnul (a ghoul)
 54868 | Vaults:5 | Got a translucent tin ring
 54890 | Vaults:5 | Identified the ring "Xybaipt" {rPois rC- Int+4} (You took it off a tengu reaver on level 5 of the Vaults)
 55080 | Vaults:5 | Cast into level 3 of the Abyss (a lich)
 55080 | Abyss:3  | Found a corrupted altar of Lugonu.
 55252 | Abyss:3  | Identified the +8 trident of Indignation {pierce, Stlth+} (You took it off a yaktaur captain on level 5 of the Vaults)
 55344 | Abyss:3  | HP: 7/149 [thrashing horror (8)]
 55348 | Abyss:3  | Killed from afar by an orc priest

Vault maps used:
D:1:      scummos_arrival_hexagon
D:2:      dk_yredelemnul_ordeal, uniq_sigmund
D:3:      lemuel_doored_altar, lemuel_coloured_pillars_altar,
          nicolae_overflow_crystal_walls, first_bread, st_stairs_10
D:4:      overflow_temple_1_default, minmay_misc_feat_cross, st_stairs_13
D:5:      lemuel_round_altar, basic_altar, serial_shops, shop, lemuel_tele_altar
D:6:      kb_forest_paths
D:7:      evilmike_ruin_ashenzari, nicolae_ossuary_entry_monument
D:8:      nicolae_overflow_hidden_temple, special_room, uniq_erica
D:9:      grunt_livestock, minmay_misc_feat_diagonals
D:10:     grunt_lair_entry_orc_guard_hut, david_orc_3
D:13:     uniq_snorg
D:14:     lightli_vaults_fourway_checkpoint, grunt_dithmenos_smoke, uniq_azrael
D:15:     grunt_enter_depths_hoard, corexii_hall_statues_l, serial_shops,
          nicolae_shop_temple_entry_statues_fountains,
          minmay_guarded_unrand_skullcrusher, uniq_josephine
Lair:1:   grunt_megastairs_5, infiniplex_staircase_pool_2
Lair:2:   swamp_mist, infiniplex_staircase_pool
Lair:4:   minmay_snake_entry_six_corridors, hangedman_lair_unloving_vines,
          serial_bayou_pond_c
Lair:6:   grunt_lair_end_beastmaster, slime_dummy
Swamp:1:  evilmike_swamp_ruin_house_2
Swamp:2:  evilmike_swamp_ruin_rubble_2
Swamp:3:  nicolae_swamp_fairy_circle, swamp_pool1
Swamp:4:  swamp_basic_johnstein, uniq_mara, uniq_louise
Snake:1:  basic_altar, lemuel_oklob_altar, uniq_frances
Snake:2:  basic_altar, serial_shops, nicolae_shop_behind_doors,
          grunt_ministairs_4, lemuel_fruit_tree
Snake:3:  nrook_guardian_serpent_snake_passage, minmay_shop_grove
Snake:4:  snake_pit, serial_shops, shop_fountains, nrook_loot_triangle
Orc:2:    st_orc_congregation
Elf:1:    hangedman_elf_disciples, grunt_ministairs_11, grunt_megastairs_2,
          uniq_kirke
Elf:2:    uniq_roxanne
Elf:3:    grunt_elf_hall_diamonds
Vaults:1: ontoclasm_vaults_ring_small, ontoclasm_vaults_pinch, st_lines,
          grunt_vaults_funnel, vaults_dpeg_diagonal, v_misc_9,
          grunt_vaults_hallway_short, nicolae_vaults_little_squares_3,
          serial_shops, bzr_entry_water, uniq_saint_roka
Vaults:2: hangedman_vaults_snaps, hangedman_vaults_unwind,
          nicolae_vaults_minivaults, hangedman_vaults_locks, v_misc_4,
          hangedman_vaults_stagger, nicolae_vaults_diagonal_hallway_6,
          hangedman_vaults_river_flow, nicolae_vaults_little_squares_3,
          v_misc_23
Vaults:3: grunt_vaults_swirl, vaults_mumra_lcd, ontoclasm_vaults_chip,
          hangedman_vaults_capsules, ontoclasm_vaults_chip, v_misc_29,
          blue_anna_dwarven_crypt, v_misc_8, dpeg_vaults_monster_box
Vaults:4: ontoclasm_vaults_eye, v_misc_17, hangedman_vaults_hat,
          ontoclasm_vaults_claustrophobia, nicolae_vaults_rhombus_7,
          nicolae_vaults_rhombus_5, vaults_standard_mumra_enter_the_diamond,
          ontoclasm_vaults_misaligned, nicolae_vaults_little_squares_2,
          ontoclasm_vaults_ligature, serial_glass
Abyss:3:  evilmike_abyss_exit_glass
Bazaar:   bazaar_minmay_row
Ossuary:  ossuary_tomb_3

Skill      XL: |  1  2  3  4  5  6  7  8  9 10 11 12 13 14 15 16 17 18 19 20 21 |
---------------+----------------------------------------------------------------+-----
Fighting       | 4 5 7 8 |  8.8
Invocations    | 2 5 8 11 12 14 16 17 19 20 21 22 23 24 | 24.4
Stealth        | 2 |  2.8
Unarmed Combat | 3 4 5 |  5.2
Dodging        | 3 |  3.1
Maces & Flails | 3 6 8 |  8.0
Armour         | 4 8 10 11 12 14 15 16 17 18 19 | 19.0
Shields        | 3 |  3.6
Axes           | 2 6 9 11 12 13 14 15 16 17 18 | 18.8

Action                   |  1- 3 |  4- 6 |  7- 9 | 10-12 | 13-15 | 16-18 | 19-21 || total
-------------------------+-------+-------+-------+-------+-------+-------+-------++-------
Melee: Unarmed           |   149 |   261 |   203 |       |       |       |       ||   613
       Dagger            |     8 |       |       |       |       |       |       ||     8
       Punch             |       |     2 |    13 |       |       |       |       ||    15
       Morningstar       |       |       |   239 |   187 |       |       |       ||   426
       Mace              |       |       |    20 |       |       |       |       ||    20
       Battleaxe         |       |       |       |   384 |   863 |   746 |   681 ||  2674
       Kick              |       |       |       |       |       |    55 |   284 ||   339
Invok: Animate Remains   |       |     3 |     2 |       |       |       |       ||     5
       Injury Mirror     |       |       |     2 |       |       |       |     1 ||     3
       Animate Dead      |       |       |     6 |    32 |    47 |    56 |    55 ||   196
       Drain Life        |       |       |       |     1 |    14 |    19 |    35 ||    69
       Enslave Soul      |       |       |       |       |     3 |     1 |       ||     4
       Recall Undead Sla |       |       |       |       |       |     7 |     5 ||    12
Evoke: Wand              |       |       |       |     2 |    15 |     9 |       ||    26
  Use: Scroll            |     3 |     5 |     9 |    21 |    12 |    13 |     3 ||    66
       Potion            |       |     2 |     5 |     2 |    10 |    11 |    14 ||    44
 Stab: Sleeping          |     2 |     5 |    14 |       |       |       |       ||    21
       Distracted        |     1 |       |     1 |     3 |    11 |    11 |    15 ||    42
       Confused          |       |       |       |       |     1 |       |       ||     1
       Invisible         |       |       |       |       |     2 |       |       ||     2
       Paralysed         |       |       |       |       |       |       |     1 ||     1
  Eat: Chunk             |     1 |     7 |    23 |    50 |    56 |    21 |    35 ||   193
       Bread ration      |       |     1 |     2 |     2 |     1 |     9 |       ||    15
       Beef jerky        |       |       |     1 |       |       |       |     3 ||     4
       Royal jelly       |       |       |     1 |       |       |       |       ||     1
       Pizza             |       |       |       |       |     5 |       |     6 ||    11
       Fruit             |       |       |       |       |       |     1 |       ||     1
       Meat ration       |       |       |       |       |       |       |     2 ||     2
Armor: Robe              |    83 |    29 |    56 |     6 |       |       |       ||   174
       Skin              |       |       |    20 |       |       |       |       ||    20
       Plate armour      |       |       |       |   438 |   799 |   771 |   566 ||  2574
       Scale mail        |       |       |       |    27 |       |       |       ||    27
Dodge: Dodged            |   206 |   208 |   378 |   262 |   398 |   336 |   302 ||  2090
       Deflected         |       |       |       |       |       |    13 |    58 ||    71
Block: Shield            |       |       |       |    60 |       |       |       ||    60
